 Dungeon Crawl Stone Soup version 0.19.5 (webtiles) character file.

6783 JeffiDaFish the Blocker (level 11, -3/61 HPs)
             Began as a Gargoyle Fighter on Mar 24, 2017.
             Was a High Priest of Okawaru.
             Killed from afar by an oklob plant (14 damage)
             ... with a splash of acid
             ... on level 10 of the Dungeon.
             The game lasted 00:20:01 (9281 turns).

JeffiDaFish the Blocker (Gargoyle Fighter)          Turns: 9281, Time: 00:20:01

Health: -3/61      AC: 26    Str: 21    XL:     11   Next: 5%
Magic:  16/16      EV:  6    Int: 10    God:    Okawaru [*****.]
Gold:   756        SH: 12    Dex: 12    Spells: 1 memorised, 16 levels left

rFire  + . .     SeeInvis +     z - +4 rapier (protect)
rCold  . . .     Gourm    .     G - +0 plate armour
rNeg   + . .     Faith    .     c - +1 shield
rPois  ∞         Spirit   .     l - +2 helmet
rElec  +         Reflect  .     o - +0 cloak of Untruth {+Fly rF+}
rCorr  .         Harm     .     (no gloves)
MR     ++...                    (no boots)
Stlth  ..........               (no amulet)
                                D - ring of protection from magic
                                e - ring of see invisible

@: corroded, protection aura
A: molten scales 1, clever 1, frail 1, magic resistance 1, negative energy
resistance 1, electricity resistance, unbreathing, petrification resistance, rot
immunity, AC +7
a: Heroism, Finesse, Renounce Religion, Evoke Flight


You were on level 10 of the Dungeon.
You worshipped Okawaru.
Okawaru was extremely pleased with you.
You were not hungry.

You visited 2 branches of the dungeon, and saw 11 of its levels.
You also visited: Ossuary.

You collected 756 gold pieces.

Inventory:

Hand Weapons
 a - a +1 flail
 z - a +4 rapier of protection (weapon)
Missiles
 i - 33 bolts
 n - 82 stones (quivered)
Armour
 c - a +1 shield (worn)
 l - a +2 helmet (worn)
 o - the +0 cloak of Untruth (worn) {+Fly rF+}
   (Okawaru gifted it to you on level 10 of the Dungeon)

   It protects you from fire.
   It lets you fly.
 G - a +0 plate armour (worn)
Jewellery
 e - a ring of see invisible (left hand)
 D - a ring of protection from magic (right hand)
Wands
 t - a wand of teleportation (7/9)
Scrolls
 b - a scroll of teleportation
 h - 2 scrolls of identify
 x - 2 scrolls of remove curse
 y - a scroll of recharging
Potions
 d - 3 potions of heal wounds
 k - 4 potions of curing
 m - a potion of resistance
 p - 3 potions of invisibility
 q - a potion of brilliance
 r - a potion of cancellation
 A - a potion of magic
Books
 w - a book of Geomancy

   Spells                             Type                      Level
   a - Sandblast                      Earth                        1
   b - Passwall                       Transmutation/Earth          2
   c - Stone Arrow                    Conjuration/Earth            3
   d - Petrify                        Transmutation/Earth          4
   e - Lee's Rapid Deconstruction     Earth                        5
Comestibles
 f - 9 bread rations
 g - 7 chunks of flesh
 j - 3 meat rations
 s - a slice of pizza
 u - 3 fruits
 v - 2 beef jerkies


   Skills:
 * Level 8.1 Fighting
 * Level 4.8 Short Blades
 - Level 6.9 Maces & Flails
 * Level 8.3 Armour
 - Level 2.1 Dodging
 - Level 0.5 Stealth
 * Level 9.3 Shields
 + Level 3.5 Spellcasting
 + Level 4.7 Earth Magic


You had 16 spell levels left.
You knew the following spells:

 Your Spells              Type           Power        Failure   Level  Hunger
a - Sandblast             Erth           ##....       97%         1    #......


Dungeon Overview and Level Annotations

Branches:
Dungeon (10/15)            Temple (1/1) D:4
   Lair: D:8-11         Orc: D:9-12

Altars:
Ashenzari
Cheibriados
Dithmenos
Fedhas
Hepliaklqana
Kikubaaqudgha
Makhleb
Nemelex Xobeh
Okawaru
Qazlal
Ru
Sif Muna
Trog
Uskayaw
Vehumet
Xom
Zin
The Shining One

Shops:
D:7 }

Annotations:
D:8 Gastronok
D:10 exclusion: oklob plant


Innate Abilities, Weirdness & Mutations

You are resistant to torment.
Your stone body is resilient. (AC +7)
You are immune to poison.
You resist negative energy. (rN+)
You are resistant to electric shocks. (rElec)
You can survive without breathing.
You are immune to petrification.
You are immune to rotting.
You are partially covered in molten scales. (AC +2)
Your mind is acute. (Int +2)
You are frail. (-10% HP)
You are resistant to hostile enchantments. (MR+)


Message History

You block the orc's attack. The oklob plant spits acid at you.
The splash of acid hits you! The acid corrodes you!
You are splashed with acid!
The acid burns!
* * * LOW HITPOINT WARNING * * *
You hit the oklob plant.
The oklob plant is heavily damaged.
The orc hits you but does no damage.
You hit the oklob plant but do no damage.
The oklob plant is heavily damaged.
You block the orc's attack.
You hit the oklob plant but do no damage.
The oklob plant is heavily damaged.
The orc hits you but does no damage.
You hit the oklob plant but do no damage.
The oklob plant is heavily damaged.
You block the orc's attack. The oklob plant spits acid at you.
The splash of acid hits you!
You die...

#...## ..####### #.###
........##### #.# #
...........(## #†## ##
.............# #..###
.## .......$.....#
#....## ..#
.....(......# ##.....#
### ............#
##......##
......P@....###........#
.....PoP...###.........#
......P....#...........#
.......................#
.......................#
.............#.........#
##..........#..........#
###......###..........#
.......# ..........#


You could see an oklob plant and an orc.

Vanquished Creatures
  An unseen horror (D:8)
  A hill giant (D:10)
  2 hippogriffs (D:10)
  The ghost of Aguirre the Chopper, an amateur MiBe of Trog (D:4)
  A wyvern (D:8)
  Eustachio (D:4)
  The ghost of antares the Poker, an amateur MfGl (D:3)
  A steam dragon (D:10)
  A hungry ghost (D:8)
  4 ice beasts
  3 orc warriors
  3 black bears
  3 sky beasts
  3 phantoms
  4 ogres
  2 centaurs
  3 bullfrogs
  2 wyvern zombies
  4 scorpions
  8 killer bees
  3 howler monkeys
  7 crimson imps
  A centaur zombie (D:6)
  A quasit (D:9)
  5 hounds
  7 orc priests
  A bullfrog skeleton (D:4)
  13 orc wizards
  2 iguanas
  5 worker ants
  A hound zombie (D:4)
  2 hound skeletons
  8 mummies (Ossuary)
  A worker ant zombie (D:9)
  4 gnolls (D:2)
  10 adders
  A shadow imp (D:7)
  An ooze (D:3)
  4 adder skeletons
  3 adder zombies
  4 worms
  3 dart slugs
  10 leopard geckos
  43 orcs
  A ball python (D:3)
  3 giant cockroaches
  2 gnoll zombies (Ossuary)
  6 goblins
  8 hobgoblins
  9 jackals
  3 kobolds
  6 quokkas
  8 bats
  3 frilled lizards
  3 hobgoblin zombies (Ossuary)
  2 kobold zombies (Ossuary)
  2 leopard gecko skeletons
  An orc zombie (Ossuary)
  7 rats
253 creatures vanquished.

Notes
Turn   | Place    | Note
-------+----------+-------------------------------------------
     0 | D:1      | JeffiDaFish the Gargoyle Fighter began the quest for the Orb.
     0 | D:1      | Reached XP level 1. HP: 14/14 MP: 1/1
   234 | D:1      | Reached XP level 2. HP: 19/19 MP: 2/2
   587 | D:1      | Reached XP level 3. HP: 20/23 MP: 3/3
   981 | D:2      | Reached XP level 4. HP: 9/28 MP: 4/4
   987 | D:2      | HP: 1/28 [gnoll (5)]
  1385 | D:2      | Reached skill level 4 in Shields
  1896 | D:3      | Reached skill level 1 in Dodging
  1927 | D:3      | Reached XP level 5. HP: 24/32 MP: 5/5
  2134 | D:3      | Found a burning altar of Makhleb.
  2242 | D:3      | Reached XP level 6. HP: 37/37 MP: 6/6
  2284 | D:3      | Found a sacrificial altar of Ru.
  2333 | D:3      | Noticed antares's ghost (amateur MfGl)
  2344 | D:3      | Killed antares's ghost
  2344 | D:3      | Reached skill level 5 in Shields
  2627 | D:4      | Noticed Eustachio
  2659 | D:4      | Killed Eustachio
  2659 | D:4      | Reached XP level 7. HP: 34/42 MP: 7/7
  2933 | D:4      | Found a sand-covered staircase.
  2942 | Ossuary  | Entered an ossuary
  3244 | Ossuary  | Gained mutation: You are resistant to hostile enchantments. (MR+) [potion of mutation]
  3244 | Ossuary  | Gained mutation: Your mind is acute. (Int +2) [potion of mutation]
  3244 | Ossuary  | Gained mutation: You are frail. (-10% HP) [potion of mutation]
  3414 | D:4      | Noticed Aguirre's ghost (amateur MiBe)
  3433 | D:4      | Killed Aguirre's ghost
  3433 | D:4      | Reached skill level 5 in Maces & Flails
  3440 | D:4      | Found a staircase to the Ecumenical Temple.
  3448 | Temple   | Entered the Ecumenical Temple
  3501 | Temple   | Became a worshipper of Warmaster Okawaru
  3689 | D:4      | Reached skill level 6 in Shields
  3722 | D:4      | Reached XP level 8. HP: 42/43 MP: 8/8
  3742 | D:4      | Gained mutation: You are partially covered in molten scales. (AC +2) [potion of beneficial mutation]
  4105 | D:5      | Entered Level 5 of the Dungeon
  4351 | D:5      | Learned a level 1 spell: Sandblast
  4411 | D:5      | Reached skill level 5 in Armour
  4421 | D:5      | Reached * piety under Okawaru
  4457 | D:5      | Reached skill level 5 in Fighting
  4700 | D:5      | Reached skill level 1 in Spellcasting
  4700 | D:5      | Reached skill level 1 in Earth Magic
  4858 | D:5      | Reached XP level 9. HP: 47/48 MP: 10/10
  5151 | D:6      | Reached skill level 7 in Shields
  5336 | D:6      | Reached ** piety under Okawaru
  5336 | D:6      | Reached skill level 1 in Short Blades
  5437 | D:6      | Found a bloodstained altar of Trog.
  6207 | D:7      | Found Zoism's Gadget Emporium.
  6292 | D:7      | Reached *** piety under Okawaru
  6764 | D:8      | Noticed Gastronok
  7135 | D:8      | Reached skill level 8 in Shields
  7149 | D:8      | Reached XP level 10. HP: 51/54 MP: 13/13
  7231 | D:8      | Noticed an unseen horror
  7255 | D:8      | Killed an unseen horror
  7423 | D:8      | Reached **** piety under Okawaru
  7553 | D:8      | Found a sparkling altar of Nemelex Xobeh.
  7555 | D:8      | Found a shimmering altar of Xom.
  8318 | D:9      | Found a glowing golden altar of the Shining One.
  8497 | D:10     | Entered Level 10 of the Dungeon
  8498 | D:10     | Noticed a hill giant
  8520 | D:10     | Killed a hill giant
  8751 | D:10     | Reached skill level 9 in Shields
  8759 | D:10     | Reached ***** piety under Okawaru
  9101 | D:10     | Reached XP level 11. HP: 61/61 MP: 16/16
  9241 | D:10     | Received a gift from Okawaru
  9251 | D:10     | Got a bloodstained cloak {god gift}
  9257 | D:10     | Identified the +0 cloak of Untruth {+Fly rF+} (Okawaru gifted it to you on level 10 of the Dungeon)
  9266 | D:10     | Found a deep blue altar of Sif Muna.
  9266 | D:10     | Noticed an oklob plant
  9281 | D:10     | Killed from afar by an oklob plant

Skill      XL: |  1  2  3  4  5  6  7  8  9 10 |
---------------+-------------------------------+-----
Maces & Flails | 3 4 5 6 |  6.9
Shields        | 4 5 6 8 9 |  9.3
Dodging        | 1 2 |  2.1
Armour         | 4 5 7 8 |  8.3
Fighting       | 4 5 6 8 |  8.1
Spellcasting   | 1 2 3 |  3.5
Earth Magic    | 1 3 4 |  4.7
Short Blades   | 2 4 |  4.8
Stealth        | |  0.5

Action                   |  1- 3 |  4- 6 |  7- 9 | 10-12 || total
-------------------------+-------+-------+-------+-------++-------
Melee: Flail             |   118 |   177 |   395 |       ||   690
       Rapier            |       |       |   316 |   460 ||   776
  Use: Potion            |     3 |     4 |     9 |     3 ||    19
       Scroll            |     2 |     4 |    13 |     1 ||    20
  Eat: Chunk             |       |     6 |    10 |     8 ||    24
       Meat ration       |       |       |     2 |       ||     2
Armor: Scale mail        |    78 |   129 |       |       ||   207
       Chain mail        |       |       |   272 |       ||   272
       Plate armour      |       |       |   127 |   404 ||   531
Dodge: Dodged            |    48 |    65 |   184 |   128 ||   425
Block: Shield            |    53 |   134 |   440 |   380 ||  1007
